 Dungeon Crawl Stone Soup version 0.22.0-49-gab54619674 (webtiles) character file.

35 H0rd4k the Charlatan (level 3, 0/26 HPs)
             Began as a Human Artificer on Sept 4, 2018.
             Shot with a stone by a goblin (6 damage)
             ... on level 3 of the Dungeon.
             The game lasted 00:01:49 (1040 turns).

H0rd4k the Charlatan (Human Artificer)              Turns: 1040, Time: 00:01:49

Health: 0/26       AC:  3    Str: 13    XL:     3   Next: 52%
Magic:  5/5        EV: 12    Int: 11    God:
Gold:   69         SH:  0    Dex: 13    Spells: 2/2 levels left

rFire    . . .     SeeInvis .   a - +0 short sword
rCold    . . .     Gourm    .   (no shield)
rNeg     . . .     Faith    .   b - +0 leather armour
rPois    .         Spirit   .   (no helmet)
rElec    .         Reflect  .   (no cloak)
rCorr    .         Harm     .   (no gloves)
MR       .....                  (no boots)
Stlth    +.........             (no amulet)
HPRegen  0.08/turn              (no ring)
MPRegen  0.09/turn              (no ring)

@: no status effects
A: no striking features
a: no special abilities


You were on level 3 of the Dungeon.
You were hungry.

You visited 1 branch of the dungeon, and saw 4 of its levels.

You collected 69 gold pieces.

Inventory:

Hand Weapons
 a - a +0 short sword (weapon)
 n - a +0 hunting sling
Armour
 b - a +0 leather armour (worn)
Jewellery
 m - an uncursed amulet of harm {unknown}
Wands
 c - a wand of flame (14)
 d - a wand of enslavement (15)
 e - a wand of random effects (15)
Scrolls
 g - 3 scrolls of remove curse {unknown}
 i - a scroll of enchant weapon {unknown}
 j - a scroll of fog {unknown}
 k - a scroll of enchant armour {unknown}
Potions
 h - a potion of curing {unknown}
 l - a potion of brilliance {unknown}
Comestibles
 f - 4 rations


   Skills:
 + Level 1.0 Fighting
 + Level 1.4 Short Blades
 + Level 0.4 Armour
 + Level 2.5 Dodging
 + Level 1.0 Stealth
 + Level 3.7 Evocations


You had 2 spell levels left.
You didn't know any spells.
Your spell library contained the following spells:

 Spells                   Type           Power        Failure   Level  Hunger
 Confusing Touch          Hex            #.....       41%         1    ##.....
 Confuse                  Hex            #.......     80%         3    ####...
 Gell's Gravitas          Tloc           #.........   80%         3    ####...
 Petrify                  Tmut/Erth      #.......     99%         4    #####..
 Metabolic Englaciation   Hex/Ice        #.........   100%        5    ######.
 Yara's Violent Unravell  Hex/Tmut       #.........   100%        5    ######.


Dungeon Overview and Level Annotations

Branches:
Dungeon (4/15)
 Temple: D:4-7

Altars:

Annotations:
D:2 Ijyb
D:3 exclusion: upstairs


Message History

You see here a stone.
The orc throws a tomahawk of dispersal.
The tomahawk of dispersal hits you.
* * * LOW HITPOINT WARNING * * *
You blink.
Unknown command.
There is a stone staircase leading down here.
You climb downwards.
An ooze and an ogre come into view.
The ogre shouts!
Found a stone staircase leading up and a stone staircase leading down.
There is a stone staircase leading up here.
The ooze quivers.
You climb upwards.
Level annotation: exclusion: upstairs The goblin shoots a stone.
The stone hits you.
* * * LOW HITPOINT WARNING * * *
There is a stone staircase leading down here.
You see here a stone.
The goblin shoots a stone.
The stone hits you.
You die...

##.#.#≈≈≈≈≈≈.♣
#..(.#..≈≈≈≈_.
#.(#g#..≈≈≈≈♣♣
#.##o##.#≈.≈≈≈≈≈≈≈≈
#....S..#..≈≈≈≈≈≈≈≈
#...##.#....≈≈≈≈≈≈≈≈≈
...# #.#>..≈≈.......≈
## ..#.....≈≈≈..≈≈.
#####@####....# #
##.####..#.##.#
#.......>#.....
#..####.......#
#..####..######
#..........#
#.##.##.##.#
#.##)##.##.###
#............#


You could see an orc, a goblin and a ball python.

Vanquished Creatures
  An adder (D:2)
  An orc (D:3)
  A giant cockroach (D:1)
  4 hobgoblins
  7 bats
  2 goblins (D:1)
  4 kobolds (D:1)
  4 rats
24 creatures vanquished.

Notes
Turn   | Place    | Note
-------+----------+-------------------------------------------
     0 | D:1      | H0rd4k the Human Artificer began the quest for the Orb.
     0 | D:1      | Reached XP level 1. HP: 15/15 MP: 3/3
   217 | D:1      | Reached XP level 2. HP: 20/21 MP: 4/4
   711 | D:1      | Reached XP level 3. HP: 24/26 MP: 5/5
   966 | D:2      | Noticed Ijyb
  1024 | D:3      | Found a faded altar of an unknown god.
  1036 | D:4      | Noticed an ogre
  1040 | D:3      | Shot with a stone by a goblin

Action                   || total
-------------------------++-------
Melee: Short sword       ||   112
Evoke: Wand              ||     1
 Stab: Sleeping          ||     1
Armor: Leather armour    ||    40
Dodge: Dodged            ||   117
